 Dungeon Crawl Stone Soup version 0.30-a0-459-g9104f0fc43 (webtiles) character file.

Game seed: 6977224823130114164

184 KennySheep the Chiller (level 5, -2/28 HPs)
             Began as a Deep Elf Ice Elementalist on Dec 16, 2022.
             Slain by a nameless horror (10 damage)
             ... created by miscasting Summon Ice Beast
             ... on level 3 of the Dungeon.
             The game lasted 00:17:21 (2834 turns).

KennySheep the Chiller (Deep Elf Ice Elementalist)  Turns: 2834, Time: 00:17:22

Health: -2/28      AC:  5    Str:  5    XL:     5   Next: 36%
Magic:  0/13       EV: 13    Int: 22    God:
Gold:   92         SH:  0    Dex: 15    Spells: 4/12 levels left

rFire   . . .      SeeInvis .    (no weapon)
rCold   . . .      Faith    .    (no shield)
rNeg    . . .      Spirit   .    a - +0 robe
rPois   .          Reflect  .    l - +1 hat
rElec   .          Harm     .    n - +0 cloak
rCorr   .          Rampage  .    g - +0 pair of gloves
Will    .....                    (no boots)
Stlth   ++........               v - amulet of regeneration
HPRegen 1.04/turn                (no ring)
MPRegen 0.13/turn                (no ring)

@: no status effects
A: no striking features
a: no special abilities


You were on level 3 of the Dungeon.
You visited 1 branch of the dungeon, and saw 4 of its levels.

You collected 182 gold pieces.
You spent 90 gold pieces at shops.

Inventory:

Hand Weapons
 e - the +10 arbalest of the Freezing Augurer {elec, rCorr}
   (You acquired it on level 3 of the Dungeon)

   Any ammunition fired from it occasionally discharges a powerful burst of
   electricity upon striking a foe.
   rCorr:     It protects you from acid and corrosion.
Armour
 a - a +0 robe (worn)
 g - a +0 pair of gloves (worn)
 l - a +1 hat (worn)
 n - a +0 cloak (worn)
Jewellery
 v - an amulet of regeneration (around neck)
Scrolls
 c - a scroll of amnesia
 i - 5 scrolls of teleportation
 m - 2 scrolls of fear {unknown}
 o - a scroll of enchant armour
 p - a scroll of vulnerability
Potions
 b - 2 potions of magic
 d - a potion of attraction {unknown}
 h - a potion of degeneration {unknown}
 j - a potion of mutation {unknown}
 k - 2 potions of curing
 r - a potion of invisibility {unknown}
 s - a potion of brilliance {unknown}
 t - a potion of haste {unknown}
 u - a potion of flight


   Skills:
 * Level 4.1 Ranged Weapons
 + Level 3.6 Dodging
 - Level 2.4 Stealth
 + Level 4.3 Spellcasting
 + Level 5.1 Ice Magic


You had 4 spell levels left.
You knew the following spells:

 Your Spells              Type           Power      Damage    Failure   Level
a - Freeze                Ice            100%       1d10      1%          1
b - Summon Ice Beast      Ice/Summ       16%        N/A       36%         4
c - Frozen Ramparts       Ice            54%        1d9       4%          3

Your spell library contained the following spells:

 Spells                   Type           Power      Damage    Failure   Level
 Ozocubu's Armour         Ice            27%        N/A       4%          3
 Blink                    Tloc           8%         N/A       17%         2
 Momentum Strike          Conj/Tloc      8%         3d8       17%         2
 Dazzling Flash           Conj/Hex       8%         N/A       32%         3
 Lesser Beckoning         Tloc           8%         N/A       32%         3
 Agony                    Necr           4%         N/A       97%         5
 Silence                  Hex/Air        2%         N/A       97%         5


Dungeon Overview and Level Annotations

Branches:
Dungeon (4/15)
 Temple: D:4-7

Altars:

Shops:
D:2 ?

Annotations:
D:3 Grinder


Message History

The gnoll hits you with a +0 flail.
You freeze the gnoll.
The gnoll is heavily wounded.
The gnoll barely misses you.
You freeze the gnoll.
The gnoll is almost dead.
The gnoll misses you.
You freeze the gnoll!
You kill the gnoll!
You can't see any susceptible monsters within range! (Use Z to cast anyway.) HP restored.
An endoplasm comes into view.
An endoplasm is nearby!
An endoplasm is nearby!
An endoplasm is nearby!
The endoplasm quivers.
You see here a +0 flail.
You freeze the endoplasm.
The endoplasm is heavily wounded.
The endoplasm hits you but does no damage.
You freeze the endoplasm!
You kill the endoplasm!
You are out of magic!
A scorpion comes into view.
A scorpion is nearby!
A scorpion is nearby!
There is a stone staircase leading up here.
You climb upwards.
Level annotation: Grinder The nameless horror hits you!
Ouch! That really hurt!
You feel your power leaking away.
There is a stone staircase leading down, spattered with blood here.
There are monsters nearby!
The nameless horror attacks as you move away!
The nameless horror hits you!
* * * LOW HITPOINT WARNING * * *
The nameless horror attacks as you move away!
The nameless horror hits you!
You die...

#.#.#)#.# #.#...#.#
#######.#...#.#
######....##.#.###.#
#.†..#.##.##.[...5.#
#.#.##.##.#..5.#####
#.#.......#.########
#.#####.#...#####...
#..@X....5##....#.##
#.##.#..#.##.##.#.#
#.##.#.....#.##.#.#
#.##.#.###.#.#....##
#.##........(.......
#.##.#.......###.5.#
#.##.##÷####..##...#
#........# ##......#
#........# ###....#


You could see a nameless horror and Grinder.

Vanquished Creatures
  Natasha (twice) (D:3)
  4 gnolls (D:4)
  An adder (D:2)
  An ufetubus (D:3)
  A dart slug (D:4)
  5 orcs (D:3)
  7 ball pythons
  7 endoplasms
  4 giant cockroaches
  5 goblins
  6 hobgoblins
  8 jackals
  2 quokkas (D:3)
  6 bats (D:1)
  3 frilled lizards
  7 kobolds
  3 rats
72 creatures vanquished.

Notes
Turn   | Place    | Note
-------+----------+-------------------------------------------
     0 | D:1      | KennySheep the Deep Elf Ice Elementalist began the quest
                  | for the Orb.
     0 | D:1      | Reached XP level 1. HP: 10/10 MP: 6/6
   128 | D:1      | Reached skill level 1 in Ranged Weapons
   193 | D:1      | Reached XP level 2. HP: 12/15 MP: 6/8
   648 | D:1      | Reached XP level 3. HP: 19/19 MP: 7/9
  1440 | D:2      | Identified the +0 war axe of Dim Light {flame, rPois}
  1532 | D:2      | Found Hileybam's Magic Scroll Emporium.
  1541 | D:2      | Bought a scroll of teleportation for 30 gold pieces
  1541 | D:2      | Bought a scroll of teleportation for 30 gold pieces
  1541 | D:2      | Bought a scroll of teleportation for 30 gold pieces
  1969 | D:3      | Reached XP level 4. HP: 21/24 MP: 9/11
  2066 | D:3      | Noticed Natasha
  2323 | D:3      | Killed Natasha
  2360 | D:3      | Noticed Natasha
  2367 | D:3      | Killed Natasha
  2368 | D:3      | Reached skill level 5 in Ice Magic
  2497 | D:3      | Noticed Grinder
  2518 | D:3      | Paralysed by Grinder for 4 turns
  2528 | D:3      | Learned a level 4 spell: Summon Ice Beast
  2619 | D:3      | Learned a level 3 spell: Frozen Ramparts
  2628 | D:3      | Paralysed by Grinder for 5 turns
  2644 | D:3      | Identified a scroll of acquirement
  2651 | D:3      | Acquired the +10 arbalest of the Freezing Augurer {elec,
                  | rCorr}
  2717 | D:3      | Noticed a nameless horror
  2784 | D:4      | Reached XP level 5. HP: 28/28 MP: 7/13
  2834 | D:3      | Slain by a nameless horror

Illustrated notes

Levels and vault maps discovered:
D:1:      heliophobic_arrival_battle_scene, layout_basic, minmay_tetromino_t2
D:2:      layout_loops_cross, serial_shops, nicolae_shop_waterfront
D:3:      layout_basic, uniq_grinder, uniq_natasha
D:4:      layout_cave_pods, gammafunk_ghost_arena, due_unseen_surprise,
          uniq_duvessa

Skill      XL: |  1  2  3  4  5 |
---------------+----------------+-----
Ranged Weapons | 1 2 3 4 |  4.1
Dodging        | 3 |  3.6
Spellcasting   | 4 |  4.3
Ice Magic      | 5 |  5.1
Stealth        | |  2.4

Action                   |  1- 3 |  4- 6 || total
-------------------------+-------+-------++-------
Melee: Unarmed           |     6 |    17 ||    23
 Cast: Freeze            |    70 |    46 ||   116
       Frozen Ramparts   |       |     4 ||     4
       Summon Ice Beast  |       |     3 ||     3
  Use: Scroll            |       |     6 ||     6
       Potion            |       |     3 ||     3
Armor: Robe              |    22 |     7 ||    29
Dodge: Dodged            |    41 |    38 ||    79

Table legend: (Time is in decaauts)
 A = Elapsed time spent in this place.
 B = Non-inter-level travel time spent in this place.
 C = Inter-level travel time spent in this place.
 D = Time resting spent in this place.
 E = Time spent auto-exploring this place.
 F = Levels seen in this place.
 G = Mean time per level.
                   A        B        C        D        E       F      G
               +--------+--------+--------+--------+--------+-----+--------+
         Total |   2834 |   2799 |     35 |     23 |   2162 |   4 |  708.5 |
       Dungeon |   2834 |   2799 |     35 |     23 |   2162 |   4 |  708.5 |
               +--------+--------+--------+--------+--------+-----+--------+

Top non-repeatable levels by time:
     D:1: 1042 daAuts
     D:2: 860 daAuts
     D:3: 851 daAuts
     D:4: 80 daAuts
